[Event "January 9 Late 2024"]
[Site "https://www.chess.com"]
[Date "2024.01.09"]
[Round "11"]
[White "Winkels, Marcel"]
[Black "Gulamirian, Korun"]
[Result "0-1"]
[Board "129"]
[TimeControl "180+1"]
[WhiteFideId "1003887"]
[BlackFideId "4144899"]
[WhiteElo "2012"]
[BlackElo "1648"]
[WhiteTeam "NED"]
[BlackTeam "RUS"]
[WhiteClock "0:00:00"]
[BlackClock "0:00:36"]

1. e4 e5 2. Nf3 Nc6 3. d4 exd4 4. Bc4 Nf6 5. O-O Bc5 6. e5 d5 7. Bb5 Ne4 8. Bxc6+ bxc6 9. Nxd4 Ba6 10. Re1 Qh4 11. g3 Qh3 12. c3 O-O 13. Be3 Bb6 14. Nd2 c5 15. Nxe4 cxd4 16. Ng5 Qd7 17. cxd4 h6 18. Nf3 Rad8 19. Rc1 Qb5 20. Qc2 Qd3 21. Qxd3 Bxd3 22. Red1 Be4 23. Ne1 f6 24. Bf4 fxe5 25. Bxe5 Rd7 26. Bf4 g5 27. Be3 a5 28. Nd3 Bf3 29. Re1 Be4 30. Ne5 Re7 31. Rc6 Kg7 32. Rec1 Rf6 33. Rxf6 Kxf6 34. Rc6+ Kg7 35. Rg6+ Bxg6 36. a3 Be8 37. Kf1 a4 38. Ke1 Ba5+ 39. Kd1 c6 40. Kc2 Bc7 41. Nd3 Bd6 42. Kc3 Bg6 43. Ne1 Rc7 44. Kd2 c5 45. dxc5 Bxc5 46. Bxc5 Rxc5 47. Nf3 Rc2+ 48. Ke3 Rxb2 49. Kd4 Rxf2 50. Ne5 Rxh2 51. Kxd5 Ra2 0-1

[Event "January 9 Late 2024"]
[Site "https://www.chess.com"]
[Date "2024.01.09"]
[Round "11"]
[White "Piscicelli, Daniel Orlando"]
[Black "Shevchenko, Danylo"]
[Result "0-1"]
[Board "130"]
[TimeControl "180+1"]
[WhiteFideId "101958"]
[BlackFideId "14164892"]
[WhiteElo "2133"]
[BlackElo "2522"]
[WhiteTeam "ARG"]
[BlackTeam "UKR"]
[WhiteClock "0:01:52"]
[BlackClock "0:03:01"]

1. e4 c6 2. d4 d6 3. Bd3 Nd7 4. Nf3 h6 5. Nc3 g5 6. Be3 Bg7 7. Qd2 Ngf6 8. O-O-O Ng4 9. e5 Nxe3 10. Qxe3 dxe5 11. dxe5 e6 12. Be4 Qa5 13. h4 g4 14. Nh2 h5 15. f4 Nxe5 16. fxe5 Bh6 0-1

[Event "January 9 Late 2024"]
[Site "https://www.chess.com"]
[Date "2024.01.09"]
[Round "11"]
[White "Thake, Conrad"]
[Black "Van Baar, Esper"]
[Result "0-1"]
[Board "132"]
[TimeControl "180+1"]
[WhiteFideId "5602947"]
[BlackFideId "1049321"]
[WhiteElo "1846"]
[BlackElo "2085"]
[WhiteTeam "MLT"]
[BlackTeam "NED"]
[WhiteClock "0:00:00"]
[BlackClock "0:00:06"]

1. e4 c6 2. c4 d5 3. exd5 cxd5 4. d4 Nf6 5. Nc3 e6 6. Bg5 Nc6 7. Nf3 Be7 8. cxd5 Nxd5 9. Bxe7 Qxe7 10. Bd3 O-O 11. O-O Qf6 12. a3 b6 13. Re1 g6 14. Ne4 Qg7 15. Bb5 Bb7 16. Nd6 a6 17. Nxb7 axb5 18. Nd6 b4 19. Ne5 Nxe5 20. dxe5 bxa3 21. bxa3 Ne7 22. Rb1 Rxa3 23. Rxb6 Nf5 24. Nxf5 gxf5 25. Rb3 Rfa8 26. Rxa3 Rxa3 27. Qd6 Qf8 28. Qd2 Qa8 29. Qg5+ Kf8 30. Qh6+ Kg8 31. Qg5+ Kf8 32. Qh6+ Ke8 33. Qxh7 Ra1 34. Qh8+ Ke7 35. Qf6+ Ke8 36. Qh8+ Kd7 37. Rf1 Qa6 0-1